 Dungeon Crawl Stone Soup version 0.23-a0-356-g1757c6e (webtiles) character file.

394 Cryolive the Digger (level 6, -3/32 HPs)
             Began as a Gargoyle Earth Elementalist on Oct 21, 2018.
             Killed from afar by an orc wizard (11 damage)
             ... with a puff of frost
             ... on level 3 of the Dungeon.
             The game lasted 00:14:40 (3727 turns).

Cryolive the Digger (Gargoyle Earth Elementalist)   Turns: 3727, Time: 00:14:40

Health: -3/32      AC:  7    Str: 12    XL:     6   Next: 81%
Magic:  12/13      EV: 12    Int: 17    God:
Gold:   182        SH:  0    Dex: 10    Spells: 13/14 levels left

rFire    . . .     SeeInvis .   q - +3 quarterstaff (chaos)
rCold    . . .     Gourm    .   (shield currently unavailable)
rNeg     + . .     Faith    .   c - +0 robe
rPois    ∞         Spirit   .   (no helmet)
rElec    +         Reflect  .   r - +0 cloak
rCorr    .         Harm     .   (no gloves)
MR       .....                  (no boots)
Stlth    ++........             (no amulet)
HPRegen  0.10/turn              (no ring)
MPRegen  0.13/turn              (no ring)

@: no status effects
A: negative energy resistance 1, electricity resistance, unbreathing,
petrification resistance, rot immunity, AC +4
a: no special abilities


You were on level 3 of the Dungeon.
You were not hungry.

You visited 1 branch of the dungeon, and saw 3 of its levels.
You also visited: Sewer.

You collected 182 gold pieces.

Inventory:

Hand Weapons
 a - a +0 short sword
 q - a +3 quarterstaff of chaos (weapon)
Missiles
 b - 61 stones (quivered)
Armour
 c - a +0 robe (worn)
 g - a cursed +0 leather armour
 r - a +0 cloak (worn)
Wands
 p - a wand of polymorph (18)
Scrolls
 e - 4 scrolls of identify
 f - 2 scrolls of remove curse {unknown}
 i - 2 scrolls of fear {unknown}
 j - 2 scrolls of amnesia {unknown}
 m - 3 scrolls of fog {unknown}
 n - 4 scrolls of teleportation {unknown}
 s - a scroll of enchant weapon {unknown}
 u - 2 scrolls of magic mapping {unknown}
Potions
 h - 2 potions of heal wounds {unknown}
 k - 2 potions of degeneration {unknown}
 l - a potion of lignification {unknown}
 o - 2 potions of curing
 t - 2 potions of flight {unknown}
Comestibles
 d - 4 rations


   Skills:
 - Level 1.5 Dodging
 - Level 2.1 Stealth
 + Level 4.7 Spellcasting
   Level 0.7 Transmutations
 + Level 6.8 Earth Magic


You had 13 spell levels left.
You knew the following spells:

 Your Spells              Type           Power        Failure   Level  Hunger
a - Sandblast             Erth           ####..       1%          1    None

Your spell library contained the following spells:

 Spells                   Type           Power        Failure   Level  Hunger
 Passwall                 Tmut/Erth      ###.....     4%          2    #......
 Stone Arrow              Conj/Erth      ###...       11%         3    ###....
 Lee's Rapid Deconstruct  Erth           ####......   24%         5    ######.
 Petrify                  Tmut/Erth      ###.....     30%         4    ####...


Dungeon Overview and Level Annotations

Branches:
Dungeon (3/15)

Altars:
Ashenzari
Dithmenos
Uskayaw

Annotations:
D:3 Terence


Innate Abilities, Weirdness & Mutations

You are resistant to torment.
Your stone body is resilient. (AC +4)
You are immune to poison.
You resist negative energy. (rN+)
You are resistant to electric shocks. (rElec)
You can survive without breathing.
You are immune to petrification.
You are immune to rotting.


Message History

The orc priest is almost dead.
The orc priest misses you.
The orc priest calls down the wrath of Beogh upon you.
Pain shoots through your body!
* * * LOW HITPOINT WARNING * * *
Casting: Sandblast (safe; 1% risk of failure)
Confirm with . or Enter, or press ? or * to list all spells.
Aiming: Sandblast (safe; 1% risk of failure)
Press: ? - help, Shift-Dir - straight line, f - orc priest
Aim: an orc priest, wielding a +0 whip of venom and wearing a +0 leather armour The blast of sand hits the orc priest.
You kill the orc priest!
b - 61 stones An orc comes into view. It is wielding a +0 flail.
Items here: ))))) [ †††† An orc comes into view.
It is wielding a +0 short sword.
An orc wizard comes into view. It is wielding a +0 dagger.
The orc wizard casts a spell at you. The puff of frost hits you!
You die...

................#.....#....
................#....##....
.....o.o........#....##....
...##................##....
.. #...........#....##....
h #...........#....##....
#........#.###########.
#.#####.###.# #.
#.#####@###.# ##
#.........#.# ..###########


You could see an orc wizard and an orc (wandering).

Vanquished Creatures
  Purgy (Sewer)
  Crazy Yiuf (D:2)
  An orc priest (D:3)
  Natasha (thrice) (D:2)
  6 adders
  2 oozes
  2 worms (D:2)
  3 dart slugs
  A leopard gecko (D:1)
  5 orcs (D:3)
  4 ball pythons
  A giant cockroach (D:1)
  13 goblins
  12 hobgoblins
  13 jackals
  4 kobolds
  A quokka (D:2)
  6 bats
  7 frilled lizards
  5 rats (D:2)
91 creatures vanquished.

Notes
Turn   | Place    | Note
-------+----------+-------------------------------------------
     0 | D:1      | Cryolive the Gargoyle Earth Elementalist began the quest
                  | for the Orb.
     0 | D:1      | Reached XP level 1. HP: 10/10 MP: 3/3
   224 | D:1      | Reached skill level 4 in Earth Magic
   224 | D:1      | Reached XP level 2. HP: 2/15 MP: 3/5
  1143 | D:1      | Reached XP level 3. HP: 13/19 MP: 6/6
  1833 | D:2      | Found a runed door.
  1933 | D:2      | Found a shattered altar of Ashenzari.
  2321 | D:2      | Reached XP level 4. HP: 23/24 MP: 8/8
  2346 | D:2      | Found a hide-covered altar of Uskayaw.
  2356 | D:2      | Noticed Natasha
  2397 | D:2      | Killed Natasha
  2397 | D:2      | Reached skill level 5 in Earth Magic
  2563 | D:2      | Noticed Natasha
  2576 | D:2      | Killed Natasha
  2576 | D:2      | Reached XP level 5. HP: 28/28 MP: 7/10
  2660 | D:2      | Found a shadowy altar of Dithmenos.
  2797 | D:2      | Noticed Natasha
  2819 | D:2      | Killed Natasha
  2960 | D:2      | Noticed Crazy Yiuf
  2963 | D:2      | Killed Crazy Yiuf
  3004 | D:3      | Reached skill level 6 in Earth Magic
  3039 | D:3      | Noticed Terence
  3183 | D:3      | Reached XP level 6. HP: 32/32 MP: 7/12
  3329 | D:3      | Found a glowing drain.
  3335 | Sewer    | Entered a sewer
  3415 | Sewer    | Noticed Purgy
  3420 | Sewer    | Killed Purgy
  3727 | D:3      | Killed from afar by an orc wizard

Vault maps used:
D:1:      eino_arrival_tree_alley, minmay_door_square,
          minmay_misc_feat_ornament, wad_floor_pattern_untrapped, minivault_19
D:2:      lemuel_doored_altar, nicolae_overflow_hidden_temple,
          evilmike_ruin_ashenzari, grunt_ministairs_11, minmay_ruptured,
          uniq_crazy_yiuf_cottage, uniq_natasha
D:3:      portal_sewer_entry_e, uniq_terence
Sewer:    sewer_co_purgy_island

Skill      XL: |  1  2  3  4  5 |
---------------+----------------+-----
Earth Magic    | 4 5 6 |  6.8
Spellcasting   | 3 4 |  4.7
Dodging        | |  1.5
Stealth        | |  2.1
Transmutations | |  0.7

Action                   |  1- 3 |  4- 6 || total
-------------------------+-------+-------++-------
Melee: Short sword       |   134 |    58 ||   192
       Quarterstaff      |       |    48 ||    48
 Cast: Sandblast         |    16 |    39 ||    55
  Use: Scroll            |       |     1 ||     1
 Stab: Sleeping          |     3 |     1 ||     4
  Eat: Chunk             |     4 |     2 ||     6
       Ration            |       |     1 ||     1
Armor: Robe              |    38 |    52 ||    90
Dodge: Dodged            |    80 |   104 ||   184

Table legend:
 A = Non-vault XP
 B = Vault XP
 C = Vault XP percentage of total XP
 D = Non-vault monster count
 E = Vault monster count
 F = Vault count percentage of total count
                 A         B        C        D         E       F
            +---------+---------+-------+---------+---------+-------
      Total |     314 |     249 |  44.2 |      76 |      15 |  16.5
            +---------+---------+-------+---------+---------+-------
        D:1 |      50 |       0 |   0.0 |      25 |       0 |   0.0
        D:2 |     130 |      89 |  40.6 |      25 |       8 |  24.2
        D:3 |     134 |       0 |   0.0 |      26 |       0 |   0.0
      Sewer |       0 |     160 | 100.0 |       0 |       7 | 100.0
            +---------+---------+-------+---------+---------+-------
